[Event "*** Titled Tuesday Blitz"]
[Site "Chess.com"]
[Date "2018.01.02"]
[Round "4"]
[White "Aleksey_Sorokin"]
[Black "JustaTrickstar"]
[Result "1-0"]
[WhiteElo "2768"]
[BlackElo "2468"]
[TimeControl "180+2"]
[EndTime "13:47:45 PST"]
[Termination "Aleksey_Sorokin won by resignation"]

1. d4 d5 2. c4 e6 3. Nf3 Nf6 4.
g3 dxc4 5. Bg2 a6 6. O-O b5 7. b3 cxb3 8. axb3 Bb7 9. Re1 c5 10. Bb2 cxd4 11. Qxd4 Qxd4 12. Nxd4 Nd5 13. Nc3 Bb4 14.
Nxd5 exd5 15. Red1 f6 16. Nf5 Kf7 17. Rxd5 Bxd5 18.
Bxd5+ 1-0

[Event "*** Titled Tuesday Blitz"]
[Site "Chess.com"]
[Date "2018.01.02"]
[Round "4"]
[White "Robert_Chessmood"]
[Black "Incognito_Knight"]
[Result "1-0"]
[WhiteElo "2736"]
[BlackElo "2533"]
[TimeControl "180+2"]
[EndTime "13:48:53 PST"]
[Termination "Robert_Chessmood won by resignation"]

1. e4 c5 2. Nf3 e6 3. g3 Nc6 4.
Bg2 a6 5. O-O b5 6. d4 cxd4 7.
Nxd4 Bb7 8. a4 b4 9. Re1 Bc5 10. Be3 Qb6 11. a5 Qa7 12. Nxc6 Bxc6 13. Nd2 Bxe3 14.
Rxe3 Nf6 15. Nc4 O-O 16. Nb6 Rad8 17. e5 Bxg2 18. exf6 Bc6 19. Qg4 g6 20. Qg5 Kh8 21.
g4 Rg8 22. Rh3 1-0

[Event "*** Titled Tuesday Blitz"]
[Site "Chess.com"]
[Date "2018.01.02"]
[Round "4"]
[White "luisgui16"]
[Black "geeeeri"]
[Result "0-1"]
[WhiteElo "2254"]
[BlackElo "2398"]
[TimeControl "180+2"]
[EndTime "13:48:57 PST"]
[Termination "geeeeri won on time"]

1. e4 e6 2. d4 d5 3. Nc3 Nf6 4. Bg5 Bb4 5. e5 h6 6. Bd2 Bxc3 7. bxc3 Ne4 8. Qg4 Kf8 9. Bd3 Nxd2 10. Kxd2 c5 11. Nf3 Nc6 12. h4 c4 13. Be2 b5 14. a3 a5 15. h5 Rb8 16. Rh3 b4 17. axb4 axb4 18. Rg3 Rg8 19. Nh4 bxc3+ 20. Ke3 Rb2 0-1

[Event "*** Titled Tuesday Blitz"]
[Site "Chess.com"]
[Date "2018.01.02"]
[Round "4"]
[White "Jbd735"]
[Black "GremioPrudente"]
[Result "1-0"]
[WhiteElo "2283"]
[BlackElo "2043"]
[TimeControl "180+2"]
[EndTime "13:49:32 PST"]
[Termination "Jbd735 won on time"]

1. e4 e6 2. d4 d5 3. Nc3 Nf6 4. Bg5 Be7 5. e5 Nfd7 6. h4 Bxg5 7. hxg5 Qxg5 8. Nh3 Qe7 9. Nf4 Nb6 10. Qg4 g6 11. Bd3 Nc6 12. O-O-O Bd7 13. Nce2 O-O-O 14.
Rh6 Nc4 15. c3 f5 16. Qh3 Qg7 17. Rh1 g5 18. Nxe6 Bxe6 19. Rxe6 g4 20. Qh6 Qxh6+ 21.
Rexh6 1-0

[Event "*** Titled Tuesday Blitz"]
[Site "Chess.com"]
[Date "2018.01.02"]
[Round "4"]
[White "TrickyTrapChess"]
[Black "PowerThinking2650"]
[Result "0-1"]
[WhiteElo "2240"]
[BlackElo "2208"]
[TimeControl "180+2"]
[EndTime "13:49:42 PST"]
[Termination "PowerThinking2650 won by resignation"]

1. c4 Nf6 2. Nc3 g6 3. e4 d6 4. d4 Bg7 5. Nf3 O-O 6. Be2 e5 7. dxe5 dxe5 8. O-O c6 9. h3 Qe7 10. Be3 Na6 11. a3 Nc5 12. Qc2 Nh5 13. b4 Ne6 14.
Rfd1 Nhf4 15. Bf1 Qf6 16. Nh2 Nd4 17. Bxd4 exd4 18. Ne2 d3 19. Qa2 dxe2 20. Bxe2 Qg5 21. Bf1 Bxa1 22. Rxa1 Nxh3+ 23. Kh1 Nf4 24. Rd1 Be6 25. Nf3 Qh5+ 26. Kg1 Rad8 27. Rd4 Nh3+ 28. gxh3 Qxf3 29. Bg2 Qf4 30. Rxd8 Rxd8 31. Qc2 Rd2 0-1

[Event "*** Titled Tuesday Blitz"]
[Site "Chess.com"]
[Date "2018.01.02"]
[Round "4"]
[White "nicegg"]
[Black "BillCoe"]
[Result "1-0"]
[WhiteElo "2005"]
[BlackElo "1932"]
[TimeControl "180+2"]
[EndTime "13:50:03 PST"]
[Termination "nicegg won by resignation"]

1. e4 c5 2. Qh5 d6 3. f4 Nf6 4. Qf3 Nc6 5. c3 g6 6. h3 Bg7 7. g4 e6 8. Ne2 d5 9. d3 dxe4 10. dxe4 O-O 11. Ng3 b6 12. g5 Ne8 13. Be3 Qc7 14.
h4 Bb7 15. Nd2 Nd6 16. h5 Ne7 17. Qf2 e5 18. Qh2 exf4 19. Bxf4 Qc6 20. O-O-O b5 21.
hxg6 fxg6 22. Bxd6 Qxd6 23. Bxb5 a6 24. Bc4+ 1-0

[Event "*** Titled Tuesday Blitz"]
[Site "Chess.com"]
[Date "2018.01.02"]
[Round "4"]
[White "danir29"]
[Black "Andrejs_Sokolov"]
[Result "1-0"]
[WhiteElo "2506"]
[BlackElo "2607"]
[TimeControl "180+2"]
[EndTime "13:50:09 PST"]
[Termination "danir29 won by resignation"]

1. d4 d6 2. Nf3 Bg4 3. Bf4 Nd7 4. h3 Bxf3 5. exf3 g6 6. c3 c6 7. Nd2 Bg7 8. Qb3 Qc7 9. Bc4 e6 10. Ne4 Bf8 11. Bxe6 fxe6 12. Qxe6+ Kd8 13. Nxd6 Bxd6 14.
Bxd6 Qa5 15. Bc5 Nxc5 16. dxc5 Qxc5 17. O-O-O+ Kc7 18. Rd7+ Kb6 19. Qf7 Qg5+ 20. f4 Qxg2 21. Qb3+ Ka6 22. Qxb7+ Ka5 23. b4+ 1-0

[Event "*** Titled Tuesday Blitz"]
[Site "Chess.com"]
[Date "2018.01.02"]
[Round "4"]
[White "Elshan1985"]
[Black "Kawhi_Leonard2"]
[Result "1-0"]
[WhiteElo "2655"]
[BlackElo "2172"]
[TimeControl "180+2"]
[EndTime "13:50:21 PST"]
[Termination "Elshan1985 won by resignation"]

1. Nf3 Nf6 2. d4 e6 3. Bg5 d5 4. e3 Be7 5. c4 h6 6. Bh4 O-O 7. Nc3 b6 8. Rc1 Bb7 9. Bxf6 Bxf6 10. cxd5 exd5 11. b4 c6 12. Be2 Qd6 13. Qb3 Nd7 14. O-O Rfe8 15. Rfd1 a5 16. bxa5 Rxa5 17. a4 Be7 18.
Rb1 Bf8 19. Bf1 g6 20. g3 Ba6 21. Bxa6 Rxa6 22. Rdc1 Rea8 23. Qc2 c5 24. Rd1 c4 25.
Rb5 Nf6 26. Rdb1 Be7 27. Ne5 Bd8 28. h4 h5 29. Nxg6 fxg6 30. Qxg6+ Kf8 31. Nxd5 R8a7 32. Nxf6 Bxf6 33. a5 Rg7 34. Qxh5 Rxg3+ 35. fxg3 Qxg3+ 36. Kf1 Bxh4 37. Rf5+ Kg7 38. Qf7+ 1-0

[Event "*** Titled Tuesday Blitz"]
[Site "Chess.com"]
[Date "2018.01.02"]
[Round "4"]
[White "LuisFSiles"]
[Black "capatl"]
[Result "0-1"]
[WhiteElo "2221"]
[BlackElo "2394"]
[TimeControl "180+2"]
[EndTime "13:50:26 PST"]
[Termination "capatl won by resignation"]

1. e4 c5 2. Nf3 e6 3. c3 Nf6 4.
e5 Nd5 5. Bc4 Nb6 6. Bb3 Nc6 7.
O-O d6 8. d4 dxe5 9. dxe5 Qxd1 10. Rxd1 Bd7 11. Bf4 Na5 12. Bc2 Bc6 13. Nbd2 Nac4 14.
b3 Nxd2 15. Nxd2 Nd5 16. Bg3 Nxc3 17. Re1 h5 18. h4 Be7 19. a4 g5 20. hxg5 Bxg5 21.
Nf3 Bxf3 22. gxf3 h4 23. f4 hxg3 24. fxg3 Be7 25. Kg2 O-O-O 26. Rac1 Nd5 27. Be4 b6 28. a5 Kb8 29. a6 Nb4 30. Bb7 Nd3 0-1

[Event "*** Titled Tuesday Blitz"]
[Site "Chess.com"]
[Date "2018.01.02"]
[Round "4"]
[White "TijanaBlagojevic"]
[Black "Zufi1811"]
[Result "0-1"]
[WhiteElo "2371"]
[BlackElo "2405"]
[TimeControl "180+2"]
[EndTime "13:50:35 PST"]
[Termination "Zufi1811 won by checkmate"]

1. e4 c5 2. Nf3 d6 3. Bb5+ Nd7 4. O-O Nf6 5. Re1 a6 6. Bf1 e5 7. a4 b6 8. c3 Bb7 9. d3 Be7 10. Nbd2 O-O 11. Nc4 Qc7 12. Ne3 g6 13. h3 Rfe8 14. Ng4 Nxg4 15. hxg4 Bf8 16. c4 Nb8 17. Nh4 Nc6 18.
Be3 Bg7 19. g5 Bc8 20. Qf3 Bd7 21. g3 Nb4 22. Rec1 b5 23. axb5 axb5 24. Kh2 Rxa1 25. Rxa1 Nc2 26. Ra6 bxc4 27. dxc4 Nd4 28. Qd1 Bc6 29.
Bh3 Qb7 30. Qa1 Bxe4 31. Ra7 Qb3 32. Qa5 Qxc4 33. Qc7 Rf8 34. Bd7 Qf1 35. g4 Qh1+ 36. Kg3 Ne2# 0-1

[Event "*** Titled Tuesday Blitz"]
[Site "Chess.com"]
[Date "2018.01.02"]
[Round "4"]
[White "aquiles88"]
[Black "jbj"]
[Result "0-1"]
[WhiteElo "2061"]
[BlackElo "2272"]
[TimeControl "180+2"]
[EndTime "13:50:35 PST"]
[Termination "jbj won by resignation"]

1. e4 d6 2. d4 Nf6 3. f3 e5 4. dxe5 dxe5 5. Qxd8+ Kxd8 6. Bc4 Be6 7. Bxe6 fxe6 8. Be3 Nbd7 9. Nc3 Bc5 10. Bxc5 Nxc5 11.
O-O-O+ Ke7 12. Nh3 a5 13. Nb5 c6 14. Nc3 b5 15. Nf2 Rhd8 16. Rxd8 Rxd8 17. Rd1 Rg8 18. Nd3 Nfd7 19. Nxc5 Nxc5 20. Ne2 g5 21. h3 h5 22. Ng3 g4 23. Nxh5 gxh3 24. gxh3 Rh8 25.
Ng3 Rxh3 26. Rg1 Rh2 27. Rf1 Rg2 28. Nh1 Nd7 29. Nf2 c5 30. Ng4 Rg3 31. c3 c4 32.
Kc2 Rg2+ 33. Rf2 Rg1 34. Ne3 Nc5 35. Ng4 Nd3 36. Rh2 Ne1+ 0-1

[Event "*** Titled Tuesday Blitz"]
[Site "Chess.com"]
[Date "2018.01.02"]
[Round "4"]
[White "Alexander_Moskalenko"]
[Black "AkshatChandra"]
[Result "1-0"]
[WhiteElo "2754"]
[BlackElo "2667"]
[TimeControl "180+2"]
[EndTime "13:50:38 PST"]
[Termination "Alexander_Moskalenko won on time"]

1. c4 e5 2. Nc3 Bb4 3. Nd5 Bc5 4. b4 Be7 5. Bb2 c6 6. Bxe5 cxd5 7. Bxg7 Bf6 8.
Bxh8 Bxh8 9. Rc1 dxc4 10. Rxc4 d5 11. Rc1 Ne7 12. Nf3 Nbc6 13. b5 Ne5 14. e3 Bf5 15.
Nd4 Nd3+ 16. Bxd3 Bxd3 17. Rc3 Bg6 18. O-O Nf5 19. Qb3 Nxd4 20. exd4 Kf8 21. Rc5 Be4 22.
Qe3 Qf6 23. Rfc1 Re8 24. Rc8 Qxd4 25. Qa3+ 1-0

[Event "*** Titled Tuesday Blitz"]
[Site "Chess.com"]
[Date "2018.01.02"]
[Round "4"]
[White "ftorodent"]
[Black "TenisMaster"]
[Result "0-1"]
[WhiteElo "2488"]
[BlackElo "2698"]
[TimeControl "180+2"]
[EndTime "13:50:41 PST"]
[Termination "TenisMaster won by resignation"]

1. d4 Nf6 2. c4 e6 3. Nf3 d5 4. Nc3 c6 5. e3 Nbd7 6. Qc2 Bd6 7. b3 b6 8. Be2 Bb7 9. O-O O-O 10. Bb2 Rc8 11. Rad1 c5 12. Qb1 cxd4 13. Nxd4 Bb8 14. cxd5 Nxd5 15. Nxd5 Bxd5 16. Ba6 Rc5 17. b4 Bxh2+ 18. Kxh2 Qh4+ 19. Kg1 Bxg2 20. f4 Rh5 21. Kxg2 Qg4+ 22. Kf2 Rh2+ 23. Ke1 Qg3+ 0-1

[Event "*** Titled Tuesday Blitz"]
[Site "Chess.com"]
[Date "2018.01.02"]
[Round "4"]
[White "AndrewMcStone"]
[Black "DrZeiss"]
[Result "0-1"]
[WhiteElo "2061"]
[BlackElo "2156"]
[TimeControl "180+2"]
[EndTime "13:50:57 PST"]
[Termination "DrZeiss won on time"]

1. d4 c5 2. d5 e6 3. c4 exd5 4.
cxd5 d6 5. Nc3 Nf6 6. e4 g6 7.
Nge2 Bg7 8. Ng3 O-O 9. Be2 b6 10.
a4 Ba6 11. Bb5 Bc8 12. O-O a6 13. Be2 h5 14. Bg5 Qe7 15. Qd2 Re8 16. Rae1 Qf8 17.
h3 Nbd7 18. f4 Nh7 19. Bh4 Bd4+ 20. Kh2 Qh6 21. Rf3 Ne5 22. Rff1 Ng4+ 23. Bxg4 hxg4 24. Bg5 Nxg5 25. fxg5 Qh4 26. Qf4 Ra7 27. Nf5 gxf5 28. exf5 Be5 29. Rxe5 Rxe5 0-1

[Event "*** Titled Tuesday Blitz"]
[Site "Chess.com"]
[Date "2018.01.02"]
[Round "4"]
[White "TheFlaminGM"]
[Black "Kaphrep"]
[Result "1-0"]
[WhiteElo "2684"]
[BlackElo "2649"]
[TimeControl "180+2"]
[EndTime "13:50:59 PST"]
[Termination "TheFlaminGM won by resignation"]

1. e4 e5 2. Nf3 Nc6 3. Bc4 Bc5 4. O-O Nf6 5. d3 a6 6. c3 d6 7. Bb3 Ba7 8. h3 h6 9. Be3 Bxe3 10. fxe3 O-O 11. Nbd2 Re8 12. Qe1 Be6 13. Bc2 Ne7 14. Nh4 Kh7 15. Rf3 Ng6 16. Nf5 Kg8 17. Qf2 Nh7 18. Rf1 Rf8 19. d4 c5 20. d5 Bxf5 21.
exf5 Ne7 22. f6 Nxf6 23. Rxf6 gxf6 24. Qh4 Ng6 25. Qxh6 f5 26. Rxf5 Qh4 27. Rh5 Qe1+ 28. Nf1 1-0

[Event "*** Titled Tuesday Blitz"]
[Site "Chess.com"]
[Date "2018.01.02"]
[Round "4"]
[White "hypert"]
[Black "FrankieJay"]
[Result "1-0"]
[WhiteElo "2297"]
[BlackElo "2285"]
[TimeControl "180+2"]
[EndTime "13:51:03 PST"]
[Termination "hypert won on time"]

1. d4 Nf6 2. c4 g6 3. Nc3 Bg7 4. e4 O-O 5. h3 d6 6. Bg5 Na6 7. Nf3 c5 8. d5 e6 9. Bd3 exd5 10. exd5 Re8+ 11. Be3 Nc7 12. O-O a6 13. a4 Bd7 14.
Qd2 b5 15. axb5 axb5 16. Bg5 bxc4 17. Bxc4 Qb8 18. Rfe1 Qb4 19. Rxa8 Rxa8 20. b3 h6 21. Bxf6 Bxf6 22. Ne4 Qxd2 23. Nfxd2 Be5 24. Nf3 Re8 25. Kf1 Kg7 26. Nxe5 dxe5 27. Nxc5 Bb5 28. d6 1-0

[Event "*** Titled Tuesday Blitz"]
[Site "Chess.com"]
[Date "2018.01.02"]
[Round "4"]
[White "colemman"]
[Black "DrVelja"]
[Result "0-1"]
[WhiteElo "2418"]
[BlackElo "2557"]
[TimeControl "180+2"]
[EndTime "13:51:05 PST"]
[Termination "DrVelja won by resignation"]

1. d4 Nf6 2. Nf3 g6 3. Nbd2 Bg7 4. e4 d5 5. e5 Ne4 6. Bd3 Nxd2 7. Bxd2 c5 8. c3 Nc6 9. Rb1 O-O 10. h3 cxd4 11. cxd4 f6 12. O-O fxe5 13. dxe5 Rxf3 14. Qxf3 Nxe5 15. Qe2 Nxd3 16. Qxd3 Bf5 17. Qb3 Bxb1 18. Rxb1 Qd7 19. Rd1 e6 20. Be3 b6 21. Bf4 Rc8 22.
Re1 Qf7 23. Bg3 h5 24. h4 Rc4 25. Qe3 Re4 26. Qc1 Rxe1+ 27. Qxe1 Bxb2 28. Qe2 Bg7 29. Qc2 e5 30. Qc8+ Kh7 31. Qb8 Qe7 32. Qa8 d4 33.
Qe4 Qe6 34. a4 Qf5 35. Qb7 d3 36. Qd5 e4 37. Qd6 Qf6 38. Qd5 Qd4 39. Qb3 d2 40.
Qd1 Qa1 41. Qxa1 Bxa1 0-1

[Event "*** Titled Tuesday Blitz"]
[Site "Chess.com"]
[Date "2018.01.02"]
[Round "4"]
[White "mokerslag"]
[Black "evgenysharapov"]
[Result "1/2-1/2"]
[WhiteElo "2357"]
[BlackElo "2364"]
[TimeControl "180+2"]
[EndTime "13:51:11 PST"]
[Termination "Game drawn by repetition"]

1. e4 c5 2. Nf3 d6 3. d4 cxd4 4. Nxd4 Nf6 5. f3 e6 6. c4 Be7 7. Nc3 O-O 8. Be3 Nbd7 9. Be2 d5 10. cxd5 exd5 11. exd5 Nb6 12. O-O Nfxd5 13. Nxd5 Nxd5 14. Bf2 Bf6 15. Bc4 Nb6 16. Bb3 Bd7 17. Rc1 Rc8 18.
Rxc8 Qxc8 19. Qc1 Ba4 20. Re1 Bxb3 21. axb3 Qxc1 22. Rxc1 Rc8 23. Rxc8+ Nxc8 24. Kf1 a6 25. Ke2 Kf8 26. Kd3 Ke7 27. b4 g6 28. b3 Kd7 29. b5 axb5 30. Nxb5 Nd6 31. Nxd6 Kxd6 32. Kc4 Kc6 33. h3 b5+ 34. Kb4 Be7+ 35. Ka5 Bd8+ 36.
Ka6 h5 37. Be3 Be7 38. Ka5 Bd6 39. Bf2 Bc7+ 40. Kb4 f5 41. Kc3 Bd6 42. Kd3 Kd5 43. Bd4 Be7 44. Bf2 Bd6 45. Be1 Be7 46. Bd2 Bd6 47.
Be1 Be7 48. Bd2 Bd6 49. Be1 1/2-1/2

[Event "*** Titled Tuesday Blitz"]
[Site "Chess.com"]
[Date "2018.01.02"]
[Round "4"]
[White "Mikhail_Golubev"]
[Black "Colombiano07"]
[Result "0-1"]
[WhiteElo "2035"]
[BlackElo "2203"]
[TimeControl "180+2"]
[EndTime "13:51:17 PST"]
[Termination "Colombiano07 won by resignation"]

1. e4 e6 2. d4 d5 3. Nc3 Bb4 4. exd5 exd5 5. Bd3 Nc6 6. a3 Be7 7. Nge2 Nf6 8. O-O O-O 9. b4 Bg4 10. f3 Bh5 11. Be3 Re8 12. Bf2 Bf8 13. Nf4 Bg6 14.
Nxg6 hxg6 15. f4 Ne4 16. Nxe4 dxe4 17. Bb5 e3 18. Bg3 Nxd4 19. Bxe8 e2 20. Qd3 exf1=Q+ 21. Rxf1 Qxe8 22. Qxd4 Qa4 23. Qc4 Qxa3 24. c3 a5 25. f5 gxf5 26. Rxf5 Qc1+ 27. Rf1 Qe3+ 28. Kh1 Qe6 29.
Qxc7 axb4 30. cxb4 Qd5 31. b5 Ra2 32. Bf2 Rxf2 0-1

[Event "*** Titled Tuesday Blitz"]
[Site "Chess.com"]
[Date "2018.01.02"]
[Round "4"]
[White "tomsishere"]
[Black "Usurpov"]
[Result "1-0"]
[WhiteElo "2269"]
[BlackElo "2315"]
[TimeControl "180+2"]
[EndTime "13:51:18 PST"]
[Termination "tomsishere won by resignation"]

1. d4 Nf6 2. c4 g6 3. f3 d5 4. cxd5 Nxd5 5. e4 Nb6 6. Nc3 Bg7 7. Be3 Nc6 8. Bb5 O-O 9. Nge2 Bd7 10. O-O a6 11. Bd3 Nb4 12. Bb1 Nc4 13. Bf2 Nxb2 14. Qb3 N4d3 15. Nc1 Bb5 16. Nxb5 Nxc1 17. Rxc1 axb5 18.
Qxb2 Ra4 19. Bc2 Rxd4 20. Qxb5 Rd2 21. Rab1 Bd4 22. Bxd4 Qxd4+ 23. Kh1 Qf2 24. Qf1 Rxc2 25. Qxf2 Rxf2 26. Rxb7 Rxa2 27. Rbxc7 e6 28. h4 h5 29. Rb7 Kg7 30. Rcc7 Kf6 31. Kh2 Rd2 32. Kg3 Rf2 1-0

[Event "*** Titled Tuesday Blitz"]
[Site "Chess.com"]
[Date "2018.01.02"]
[Round "4"]
[White "JordiQC"]
[Black "StellarChessPro"]
[Result "0-1"]
[WhiteElo "1852"]
[BlackElo "2382"]
[TimeControl "180+2"]
[EndTime "13:51:21 PST"]
[Termination "StellarChessPro won by checkmate"]

1. e4 Nc6 2. d4 e5 3. d5 Nce7 4.
c4 Nf6 5. Nc3 Ng6 6. Bd3 Bc5 7.
Be3 Bxe3 8. fxe3 d6 9. Nf3 O-O 10. O-O Ng4 11. Qe1 a5 12. h3 Nf6 13. Nh4 Nxh4 14.
Qxh4 Nd7 15. Qxd8 Rxd8 16. Nb5 Nc5 17. Bc2 c6 18. Nc3 cxd5 19. exd5 Bd7 20. b3 Rac8 21. Bf5 Bxf5 22. Rxf5 g6 23. Rf6 Kg7 24. Raf1 Rd7 25. g4 h6 26. h4 Rcd8 27. g5 hxg5 28. hxg5 Re7 29. Kg2 Red7 30. e4 Rh8 31. Rh1 Rxh1 32. Kxh1 Kf8 33. Kg2 Ke7 34. Kf3 Rd8 35. Nb5 b6 36. Ke3 Nb7 37. Nc3 Rh8 38. Na4 Rh5 39. Nxb6 Rxg5 40. Rf3 f5 41. a3 f4+ 42. Ke2 Rg2+ 43. Kd1 Nc5 44. b4 axb4 45. axb4 Nxe4 46. Ra3 Rb2 47. Ra7+ Kf6 48. b5 f3 49. Nc8 f2 50.
Rf7+ Kxf7 51. Nxd6+ Nxd6 52. c5 Nc4 53. d6 f1=Q# 0-1

[Event "*** Titled Tuesday Blitz"]
[Site "Chess.com"]
[Date "2018.01.02"]
[Round "4"]
[White "Marcus_Harvey"]
[Black "Boryboy"]
[Result "0-1"]
[WhiteElo "2560"]
[BlackElo "2436"]
[TimeControl "180+2"]
[EndTime "13:51:23 PST"]
[Termination "Boryboy won by resignation"]

1. Nf3 e6 2. b3 d5 3. Bb2 Nf6 4.
e3 a5 5. a3 c6 6. Be2 Nbd7 7.
O-O Bd6 8. c4 O-O 9. d4 Ne4 10.
Nbd2 f5 11. Ne5 Rf6 12. f3 Nxd2 13. Qxd2 Rh6 14. f4 Nf6 15. Bf3 Bd7 16. h3 Be8 17. b4 Bh5 18. Bxh5 Rxh5 19. Qe2 Rh6 20. Nf3 Ne4 21.
Rfb1 Rg6 22. b5 Rc8 23. c5 Bc7 24. Nd2 Qh4 25. Nxe4 fxe4 26. bxc6 bxc6 27. Kh1 Rf8 28. Bc3 Rxf4 29. Be1 Qh5 30. Qa6 Rf8 31. Rb7 Rxg2 32. Kxg2 Qf3+ 33. Kg1 Qxe3+ 34. Kg2 Qxd4 35. Qxc6 Qxa1 36.
Qxe6+ Kh8 37. Qe7 Qa2+ 0-1

[Event "*** Titled Tuesday Blitz"]
[Site "Chess.com"]
[Date "2018.01.02"]
[Round "4"]
[White "Markov_Mikhail"]
[Black "Big_Fishy"]
[Result "1-0"]
[WhiteElo "2544"]
[BlackElo "2315"]
[TimeControl "180+2"]
[EndTime "13:51:26 PST"]
[Termination "Markov_Mikhail won by checkmate"]

1. c4 Nf6 2. Nf3 g6 3. g3 Bg7 4. Bg2 O-O 5. O-O d6 6. Nc3 e5 7. d4 Nbd7 8. dxe5 dxe5 9. Qc2 Re8 10. Rd1 c6 11. b3 a5 12. Ng5 Qc7 13. Nge4 Nxe4 14.
Nxe4 Nf6 15. Nd6 Rd8 16. c5 Be6 17. Bb2 Ne8 18. Nxe8 Rxe8 19. Rd6 a4 20. b4 a3 21. Bc3 Red8 22. Rad1 Rxd6 23. cxd6 Qd7 24. f4 exf4 25.
Bxg7 Kxg7 26. gxf4 f5 27. Qc3+ Kf7 28. Rd2 Qd8 29.
b5 cxb5 30. Bxb7 Rb8 31. Bf3 Rc8 32. Qxa3 Qb6+ 33. Kg2 b4 34. Qb2 Qe3 35. d7 Rd8 36.
Qxb4 Rxd7 37. Rxd7+ Bxd7 38. a4 g5 39. a5 g4 40.
Bd5+ Kg7 41. Qc4 h5 42. Qd3 Qa7 43. a6 h4 44. h3 gxh3+ 45. Kxh3 Qf2 46. Qf3 Qe1 47.
Qg2+ Kf6 48. Qg5# 1-0

[Event "*** Titled Tuesday Blitz"]
[Site "Chess.com"]
[Date "2018.01.02"]
[Round "4"]
[White "johnathan113"]
[Black "pandamaster3000"]
[Result "1-0"]
[WhiteElo "2412"]
[BlackElo "2251"]
[TimeControl "180+2"]
[EndTime "13:51:34 PST"]
[Termination "johnathan113 won by resignation"]

1. d4 Nf6 2. Nc3 g6 3. e4 d6 4. f3 Bg7 5. Be3 O-O 6. Qd2 c6 7. h4 h5 8. Nh3 e5 9. Ng5 exd4 10. Bxd4 Re8 11. O-O-O d5 12. exd5 Nxd5 13. Bxg7 Kxg7 14. Nxd5 Qxd5 15. Qxd5 cxd5 16. Rxd5 Nc6 17. Bc4 Be6 18. Nxe6+ Rxe6 19. Rd7 Re7 20. Rxe7 Nxe7 21. Rd1 Rc8 22. b3 Rc7 23. a4 Nf5 24. g4 hxg4 25. fxg4 Nxh4 26. Rf1 Ng2 27. Kd2 g5 28. Rf5 f6 29.
Bd5 Nf4 30. Be4 Rd7+ 31. Kc3 Ne2+ 32. Kb2 Ng3 33. Rd5 Rxd5 34. Bxd5 b6 35. b4 f5 36. gxf5 Nxf5 37. c4 Ne7 38. Bf3 Kf6 39. Kc3 Ke5 40. c5 bxc5 41. bxc5 Kf4 42. Bh1 g4 43. Kb4 Ke5 44.
Kb5 Kd4 45. c6 Ke5 46. Ka6 Kd6 47. Kb7 g3 48. a5 Ke6 49. a6 Kd6 50. c7 Kd7 51.
Kb8 Nc8 52. Bf3 Nd6 53. Bg2 Nc8 54. Bh3+ Kc6 55. Bxc8 g2 56. Bb7+ Kb6 57. Bxg2 1-0

[Event "*** Titled Tuesday Blitz"]
[Site "Chess.com"]
[Date "2018.01.02"]
[Round "4"]
[White "eldur16"]
[Black "GM_dmitrij"]
[Result "1-0"]
[WhiteElo "2509"]
[BlackElo "2609"]
[TimeControl "180+2"]
[EndTime "13:51:38 PST"]
[Termination "eldur16 won by resignation"]

1. e4 e5 2. Nf3 Nc6 3. Bb5 a6 4. Ba4 g6 5. O-O Bg7 6. Nc3 Nge7 7. d3 O-O 8. a3 h6 9. Be3 Nd4 10. Bxd4 exd4 11. Ne2 c5 12. Nf4 d5 13. Nxd5 Nxd5 14.
exd5 Qxd5 15. Bb3 Qd6 16. Nd2 b5 17. Qf3 Rb8 18. Rfe1 Bb7 19. Qg3 Qxg3 20. hxg3 Rfe8 21. Kf1 Kf8 22. Rxe8+ Rxe8 23. a4 Ra8 24. g4 Bf6 25. g3 Be7 26. f3 f5 27. gxf5 gxf5 28. Kf2 Kg7 29. f4 Bf6 30. Nf3 Rc8 31. axb5 axb5 32.
Ra7 Rc7 33. Bd5 Bxd5 34. Rxc7+ Kg6 35. Rxc5 Ba2 36. Rxb5 Bb1 37. Rc5 h5 38. Nh4+ Kf7 39.
Nxf5 Ke6 40. Kf3 Be7 41. Nxd4+ Kd6 42. Ra5 Bf6 43. Ke4 h4 44. gxh4 Bxh4 45. Nf5+ 1-0

[Event "*** Titled Tuesday Blitz"]
[Site "Chess.com"]
[Date "2018.01.02"]
[Round "4"]
[White "Spartakus1975"]
[Black "Tonychess32"]
[Result "1-0"]
[WhiteElo "2580"]
[BlackElo "2408"]
[TimeControl "180+2"]
[EndTime "13:51:46 PST"]
[Termination "Spartakus1975 won by resignation"]

1. e4 e6 2. d4 d5 3. Bd3 dxe4 4. Bxe4 Nf6 5. Bf3 Be7 6. Ne2 O-O 7. O-O c5 8. c4 cxd4 9. Nxd4 a6 10. Bf4 Qb6 11.
Nb3 Rd8 12. Qe2 Nc6 13. Nc3 Nd4 14. Nxd4 Qxd4 15. Bc7 Re8 16. Rfd1 Qc5 17. Be5 Nd7 18. Bd4 Qc7 19. a3 Bf6 20. b4 Rb8 21. c5 Bxd4 22.
Rxd4 Nf6 23. Rad1 e5 24. Rd6 Be6 25. Nd5 Bxd5 26. Bxd5 Rbd8 27. Bb3 Rxd6 28. Rxd6 h6 29. h3 Qe7 30. Qe3 Kh7 31. a4 g6 32. b5 axb5 33.
axb5 Kg7 34. b6 Rc8 35. g4 Re8 36. Kg2 Nd7 37. f3 Nb8 38. Bd5 Rc8 39. f4 Nc6 40. Bxc6 bxc6 41. Qxe5+ Qxe5 42. fxe5 Kf8 43. Rxc6 Rxc6 44.
b7 1-0

[Event "*** Titled Tuesday Blitz"]
[Site "Chess.com"]
[Date "2018.01.02"]
[Round "4"]
[White "Maili15"]
[Black "ckgchess"]
[Result "0-1"]
[WhiteElo "2300"]
[BlackElo "2485"]
[TimeControl "180+2"]
[EndTime "13:51:46 PST"]
[Termination "ckgchess won by resignation"]

1. d4 Nf6 2. c4 e6 3. Nc3 Bb4 4.
f3 d5 5. a3 Bxc3+ 6. bxc3 O-O 7. e3 c5 8. cxd5 exd5 9. Bd3 Nc6 10.
Ne2 Qa5 11. O-O Re8 12. g4 b6 13. Ng3 Ba6 14. g5 Nd7 15. Bxa6 Qxa6 16. Nf5 Qc4 17.
Nd6 Qxc3 18. Bd2 Qd3 19. Nxe8 Rxe8 20. dxc5 Nxc5 21. Bc1 Qc3 22. Bd2 Qc4 23. Rc1 Qh4 24.
f4 d4 25. exd4 Nxd4 26. Be1 Qh3 27. Qxd4 Nb3 28. Qa4 Re2 29. Rf2 Nxc1 30. Qc4 Rxe1+ 31. Rf1 Ne2+ 32. Kf2 Qxf1+ 33. Ke3 Nxf4+ 34. Kd4 Re4+ 0-1

[Event "*** Titled Tuesday Blitz"]
[Site "Chess.com"]
[Date "2018.01.02"]
[Round "4"]
[White "angieflynn"]
[Black "abruptum"]
[Result "0-1"]
[WhiteElo "1852"]
[BlackElo "2308"]
[TimeControl "180+2"]
[EndTime "13:51:47 PST"]
[Termination "abruptum won by resignation"]

1. d4 g6 2. Bf4 Bg7 3. Nf3 d6 4. e3 Nf6 5. Nbd2 O-O 6. Be2 c5 7. c3 Nc6 8. h4 Be6 9. Nb3 cxd4 10. exd4 Bd5 11. c4 Bxf3 12. Bxf3 e5 13. Bg5 exd4 14.
Nxd4 Nxd4 15. Qxd4 Re8+ 16. Be2 Qa5+ 17. Bd2 Qh5 18.
Qd3 Ng4 19. f3 Ne5 20. Qd5 Qf5 21. O-O-O Nxc4 22. Bxc4 Rac8 23. Qxf5 gxf5 24. b3 b5 25. Bb4 bxc4 26. Bxd6 cxb3+ 27. Kb1 Rc2 28. axb3 Rb2+ 29. Ka1 Rxg2+ 30. Kb1 Rb2+ 31. Ka1 Rxb3+ 32. Ka2 Rxf3 33. Rhg1 Re2+ 34. Kb1 Rb2+ 35. Ka1 Rb6+ 36. Ka2 Rb2+ 37. Ka1 Rg2+ 38. Kb1 Rb3+ 39. Kc1 Bh6+ 40. Rd2 Rxg1+ 0-1

[Event "*** Titled Tuesday Blitz"]
[Site "Chess.com"]
[Date "2018.01.02"]
[Round "4"]
[White "GM_Huschenbeth"]
[Black "MatthewG-p4p"]
[Result "1-0"]
[WhiteElo "2467"]
[BlackElo "2610"]
[TimeControl "180+2"]
[EndTime "13:51:50 PST"]
[Termination "GM_Huschenbeth won by resignation"]

1. e4 e6 2. d4 d5 3. Nc3 Bb4 4. e5 c5 5. a3 Bxc3+ 6. bxc3 Ne7 7. Qg4 cxd4 8. Qxg7 Rg8 9. Qxh7 Qc7 10. Ne2 Nbc6 11. f4 Bd7 12. h4 dxc3 13. h5 O-O-O 14. Qd3 d4 15. h6 Rg6 16. Nxd4 Nxd4 17. Qxd4 Nf5 18.
Qxa7 Bc6 19. h7 Rh8 20. Qa8+ Qb8 21. Qxb8+ Kxb8 22. Kf2 Ng3 23. Rh2 Rg7 24. Be3 Nxf1 25. Rxf1 Rhxh7 26. Rxh7 Rxh7 27. Bd4 Be4 28. Bxc3 Bxc2 29.
Bd4 Be4 30. Bb6 Rh2 31. Rg1 Kc8 32. Kg3 Rh8 33. Rc1+ Bc6 34. Rd1 Rg8+ 35. Kf2 Bxg2 36. Rg1 Rg4 37. Rxg2 Rxf4+ 38. Ke3 Rh4 39. Rd2 Rh8 40.
Kf4 Rg8 41. a4 1-0